 Dungeon Crawl Stone Soup version 0.23.2 (webtiles) character file.

Game seed: 9215513783568145952

576 Kinoniko the Slasher (level 7, 0/54 HPs)
             Began as a Demonspawn Abyssal Knight on Apr 2, 2019.
             Was a Believer of Lugonu.
             Succumbed to a worker ant's poison
             ... on level 5 of the Dungeon.
             The game lasted 00:17:25 (4600 turns).

Kinoniko the Slasher (Demonspawn Abyssal Knight)    Turns: 4600, Time: 00:17:26

Health: 0/54       AC:  6    Str: 14    XL:     7   Next: 12%
Magic:  1/8        EV: 13    Int: 20    God:    Lugonu [**....]
Gold:   243        SH:  7    Dex: 10    Spells: 6/6 levels left

rFire    . . .     SeeInvis .   a - +1 falchion
rCold    . . .     Gourm    .   e - +2 buckler
rNeg     . . .     Faith    .   b - +0 leather armour
rPois    .         Spirit   +   h - +2 hat
rElec    .         Reflect  +   d - scarf {Spirit}
rCorr    .         Harm     .   i - +0 pair of gloves
MR       .....     Rnd*Tele +   (no boots)
Stlth    ++++......             g - +2 amulet of reflection
HPRegen  0.18/turn              f - +6 ring of intelligence
MPRegen  0.11/turn              p - ring of teleportation (curse)

@: lethally poisoned (0 -> -9)
A: repulsion field 1, clumsy 1, foul stench 1, nightstalker 2, evolution 1, rot
immunity
a: Depart the Abyss, Bend Space, Renounce Religion


You were on level 5 of the Dungeon.
You worshipped Lugonu.
Lugonu was pleased with you.
You were very hungry.

You visited 1 branch of the dungeon, and saw 5 of its levels.
You visited the Abyss 1 time.

You collected 243 gold pieces.

Inventory:

Hand Weapons
 a - a +1 falchion (weapon)
Missiles
 j - 6 javelins (quivered)
 n - 3 throwing nets
Armour
 b - a +0 leather armour (worn)
 d - a scarf of spirit shield (worn)
 e - a +2 buckler (worn)
 h - a +2 hat (worn)
 i - a +0 pair of gloves (worn)
 q - a scarf of spirit shield
Jewellery
 f - a +6 ring of intelligence (left hand)
 g - a +2 amulet of reflection (around neck)
 m - a cursed amulet of inaccuracy {unknown}
 p - a cursed ring of teleportation (right hand)
Wands
 k - a wand of random effects (25)
 r - a wand of disintegration (15)
Scrolls
 o - a scroll of magic mapping
 u - a scroll of identify
 v - a scroll of amnesia
Potions
 l - a potion of flight
Comestibles
 c - 5 rations


   Skills:
 + Level 4.0 Fighting
 + Level 4.5 Long Blades
 + Level 3.1 Armour
 + Level 2.7 Dodging
 + Level 2.0 Stealth
 + Level 1.6 Shields
 + Level 2.6 Invocations


You had 6 spell levels left.
You didn't know any spells.
Your spell library was empty.

Dungeon Overview and Level Annotations

Branches:
Dungeon (5/15)
 Temple: D:4-7

Altars:
Kikubaaqudgha
Nemelex Xobeh
Okawaru
Qazlal
Yredelemnul


Innate Abilities, Weirdness & Mutations

You are surrounded by a mild repulsion field. (EV +2)
You may emit foul miasma when damaged in melee.
You are significantly more attuned to the shadows.
You are immune to rotting.
You are clumsy. (Dex -2)
You evolve.


Message History

The worker ant is severely wounded.
You block the crimson imp's attack.
You hit the worker ant.
The worker ant is almost dead.
* * * LOW HITPOINT WARNING * * *
You feel sick. You block the worker ant's attack.
The crimson imp barely misses you.
You hit the worker ant but do no damage.
The worker ant is almost dead.
* * * LOW HITPOINT WARNING * * *
You feel sick. The worker ant bites you.
* * * LOW HITPOINT WARNING * * *
The crimson imp hits you.
* * * LOW HITPOINT WARNING * * *
You block the worker ant's attack.
There is a lethal amount of poison in your body!
It was a potion of mutation.
You feel extremely strange.
You feel clumsy.
You feel nature experimenting on you.
Don't worry, failures die fast.
You die...

,,,,,,,*#.#,**
##.........##
,,**,,,,..#.*###..#..†...##
,,,,,,,,....##....#.†.#...#
,,,**,,,...........>.#....#
,,***,,,............#....##
,,*,**,*#...........##..##
,,,,,,,,#<(.........###.#
,,,,,,,,........5))## ###
,,,*,,,>........@.).#
,,**,,,,.......).a)##
,,*,,,,,..........##
,,,,,,,,..........#**
,,*,,,,,...........,**
,,*,,,,,,......#....,**
,,,,,,,,>,....##....,,*
*,,***,,,,,,****,,,,,**
,,,,,,,,,,*** ***,,**


You could see a worker ant and a crimson imp.

Vanquished Creatures
  A crimson imp (D:5)
  2 hounds
  2 orc priests
  A bullfrog skeleton (D:4)
  2 orc wizards (D:4)
  2 iguanas (D:4)
  5 worker ants
  7 adders
  A shadow imp (D:5)
  An ooze (D:2)
  A worm (D:5)
  5 dart slugs
  4 leopard geckos
  6 orcs
  6 bats
  3 giant cockroaches
  8 goblins
  8 hobgoblins
  8 jackals
  7 kobolds
  A quokka (D:2)
  3 frilled lizards
  2 gnoll zombies (D:3)
  A jackal skeleton (D:4)
  2 rats
89 creatures vanquished.

Notes
Turn   | Place    | Note
-------+----------+-------------------------------------------
     0 | Abyss:1  | Kinoniko the Demonspawn Abyssal Knight began the quest for
                  | the Orb.
     0 | Abyss:1  | Reached XP level 1. HP: 18/18 MP: 2/2
    47 | Abyss:1  | Found a corrupted altar of Lugonu.
    82 | Abyss:1  | Noticed an ancient zyme
    91 | Abyss:1  | Noticed a neqoxec
    92 | D:1      | Escaped the Abyss
   290 | D:1      | Gained mutation: You are surrounded by a mild repulsion
                  | field. (EV +2) [demonic ancestry]
   290 | D:1      | Reached XP level 2. HP: 23/24 MP: 3/3
   512 | D:1      | Reached skill level 1 in Dodging
   972 | D:2      | Gained mutation: You are immune to rotting. [demonic
                  | ancestry]
   972 | D:2      | Reached XP level 3. HP: 29/29 MP: 1/4
   973 | D:2      | Reached * piety under Lugonu
  1084 | D:2      | Gained mutation: You may emit foul miasma when damaged in
                  | melee. [demonic ancestry]
  1084 | D:2      | Reached XP level 4. HP: 28/35 MP: 5/5
  1286 | D:2      | Found a sparkling altar of Nemelex Xobeh.
  1562 | D:3      | Found a stormy altar of Qazlal.
  1562 | D:3      | Noticed a fire elemental
  1563 | D:3      | Noticed a water elemental
  1563 | D:3      | Noticed an air elemental
  1563 | D:3      | Noticed an earth elemental
  1700 | D:3      | Found a basalt altar of Yredelemnul.
  2278 | D:3      | Found an iron altar of Okawaru.
  2535 | D:3      | Reached XP level 5. HP: 29/41 MP: 4/6
  2902 | D:4      | Gained mutation: You are slightly more attuned to the
                  | shadows. [demonic ancestry]
  2902 | D:4      | Reached XP level 6. HP: 34/48 MP: 3/7
  3019 | D:4      | Reached skill level 1 in Shields
  3639 | D:4      | Reached skill level 1 in Stealth
  3998 | D:4      | Found an ancient bone altar of Kikubaaqudgha.
  4009 | D:4      | Reached ** piety under Lugonu
  4274 | D:5      | Entered Level 5 of the Dungeon
  4568 | D:5      | Gained mutation: You are significantly more attuned to the
                  | shadows. [demonic ancestry]
  4568 | D:5      | Reached XP level 7. HP: 18/54 MP: 2/8
  4599 | D:5      | HP: 1/54 [crimson imp (2)]
  4600 | D:5      | Gained mutation: You are clumsy. (Dex -2) [potion of
                  | mutation]
  4600 | D:5      | Gained mutation: You evolve. [potion of mutation]
  4600 | D:5      | Succumbed to a worker ant's poison

Skill      XL: |  1  2  3  4  5  6 |
---------------+-------------------+-----
Armour         | 2 3 |  3.1
Long Blades    | 2 3 4 |  4.5
Dodging        | 1 2 |  2.7
Shields        | 1 |  1.6
Stealth        | 2 |  2.0
Fighting       | 4 |  4.0
Invocations    | |  2.6

Action                   |  1- 3 |  4- 6 |  7- 9 || total
-------------------------+-------+-------+-------++-------
Melee: Falchion          |    83 |   287 |    26 ||   396
Throw: Javelin           |       |     2 |       ||     2
Invok: Depart the Abyss  |     1 |       |       ||     1
  Use: Potion            |     3 |     5 |     3 ||    11
       Scroll            |     1 |     4 |       ||     5
 Stab: Sleeping          |       |     7 |       ||     7
  Eat: Ration            |       |     3 |       ||     3
       Chunk             |       |     1 |       ||     1
Armor: Leather armour    |    37 |    74 |     6 ||   117
Dodge: Dodged            |    81 |   190 |    21 ||   292
Block: Buckler           |    15 |   113 |    11 ||   139
       Reflection        |       |     2 |       ||     2
       Rpst.: Falchion   |    19 |    51 |     5 ||    75
